 Dungeon Crawl Stone Soup version 0.24.0-13-gcf9b3192b9 (webtiles) character file.

Game seed: 13114626894518211572, levelgen mode: deterministic

1362 Arum the Blocker (level 8, -2/67 HPs)
             Began as a Formicid Fighter on Nov 10, 2019.
             Was a Believer of Cheibriados.
             Slain by a centaur (5 damage)
             ... on level 6 of the Dungeon.
             The game lasted 00:06:37 (4511 turns).

Arum the Blocker (Formicid Fighter)                 Turns: 4511, Time: 00:06:38

Health: -2/67      AC:  8    Str: 29    XL:     8   Next: 96%
Magic:  17/17      EV:  9    Int: 14    God:    Cheibriados [**....]
Gold:   362        SH: 12    Dex: 16    Spells: 7/7 levels left

rFire    . . .     SeeInvis +   a - +0 quarterstaff
rCold    . . .     Gourm    .   c - +0 shield
rNeg     . . .     Faith    .   b - +0 scale mail
rPois    .         Spirit   .   (helmet unavailable)
rElec    .         Reflect  .   (no cloak)
rCorr    .         Harm     .   i - +0 pair of gloves
MR       .....                  (no boots)
Stlth    ..........             (no amulet)
HPRegen  0.21/turn              e - ring of magical power
MPRegen  0.15/turn              (no ring)

@: very slow
A: permanent stasis, dig shafts and tunnels, four strong arms, antennae 3
a: Dig, Shaft Self, Bend Time, Renounce Religion


You were on level 6 of the Dungeon.
You worshipped Cheibriados.
Cheibriados was pleased with you.
You were hungry.

You visited 1 branch of the dungeon, and saw 6 of its levels.

You collected 362 gold pieces.

Inventory:

Hand Weapons
 a - a +0 quarterstaff (weapon)
Missiles
 F - 3 throwing nets (quivered)
Armour
 b - a +0 scale mail (worn)
 c - a +0 shield (worn)
 i - a +0 pair of gloves (worn)
Jewellery
 e - a ring of magical power (left hand)
 z - an uncursed ring of positive energy {unknown}
Wands
 q - a wand of random effects (22)
 B - a wand of flame (15)
Scrolls
 g - 3 scrolls of remove curse {unknown}
 h - a scroll of magic mapping {unknown}
 j - 3 scrolls of teleportation {unknown}
 k - 7 scrolls of identify {unknown}
 m - a scroll of amnesia {unknown}
 o - a scroll of fear {unknown}
 p - a scroll of blinking {unknown}
 u - a scroll of immolation {unknown}
 v - 2 scrolls of fog {unknown}
 y - a scroll of enchant armour {unknown}
 A - 2 scrolls of enchant weapon {unknown}
 C - a scroll of noise {unknown}
 D - a scroll of acquirement {unknown}
 E - a scroll of random uselessness {unknown}
Potions
 d - a potion of might
 l - 2 potions of degeneration {unknown}
 n - a potion of agility {unknown}
 r - 2 potions of mutation {unknown}
 s - a potion of magic {unknown}
 t - a potion of lignification {unknown}
 w - a potion of flight {unknown}
 x - a potion of heal wounds {unknown}
Comestibles
 f - 9 rations


   Skills:
 + Level 7.3 Fighting
 + Level 6.2 Staves
 - Level 3.2 Armour
 + Level 8.0 Shields


You had 7 spell levels left.
You didn't know any spells.
Your spell library was empty.

Dungeon Overview and Level Annotations

Branches:
Dungeon (6/15)
 Temple: D:4-7

Altars:
Cheibriados
Xom

Annotations:
D:6 1 runed translucent door, Iamsoldier's ghost, novice GrEE; Prince Ribbit


Innate Abilities, Weirdness & Mutations

You cannot be hasted, slowed, berserked, paralysed or teleported.
You can dig through walls and to a lower floor.
Your four strong arms can wield two-handed weapons with a shield.
You have a pair of large antennae on your head. (SInv)


Message History

You see here 2 arrows.
You hit Prince Ribbit.
Prince Ribbit is moderately wounded.
Prince Ribbit barely misses you.
The centaur shoots an arrow.
The arrow hits you!
* * * LOW HITPOINT WARNING * * *
Prince Ribbit barely misses you.
You barely miss Prince Ribbit.
Prince Ribbit is moderately wounded.
The centaur shoots an arrow.
The arrow hits you!
* * * LOW HITPOINT WARNING * * *
You block Prince Ribbit's attack.
Unknown command.
You extend your mandibles.
You dig through the rock wall.
The centaur unwields a +0 shortbow.
The centaur hits you but does no damage.
The centaur barely misses you. Prince Ribbit hits you!
* * * LOW HITPOINT WARNING * * *
The centaur hits you.
You die...

## ######### ... .#
#####.......# #...
.###...........##
#... ..#
#...........##...
..####..........#..#
.....##.........#.#
.##...............#
#######........c.# #
#####...(.@#
###(.F## ###.# #.#
#.. ##.# .# .# ..


You could see Prince Ribbit and a centaur.

Vanquished Creatures
  A sky beast (D:6)
  2 ogres (D:4)
  2 centaurs (D:5)
  Blork the orc (D:4)
  2 centaur zombies
  2 crimson imps
  A bullfrog skeleton (D:4)
  A jelly (D:3)
  3 orc wizards
  2 bullfrog zombies (D:4)
  An orc priest (D:5)
  A centaur skeleton (D:5)
  Natasha (thrice) (D:4)
  An iguana (D:4)
  2 worker ants
  A killer bee zombie (D:5)
  A hound zombie (D:4)
  A howler monkey zombie (D:4)
  10 gnolls
  9 adders
  A shadow imp (D:5)
  4 oozes
  3 adder zombies
  2 worms
  3 dart slugs
  9 orcs
  4 bats (D:1)
  3 giant cockroaches
  6 goblins
  8 hobgoblins
  2 jackals (D:3)
  3 quokkas
  A ball python (D:2)
  5 frilled lizards
  A giant cockroach zombie (D:4)
  2 jackal skeletons (D:4)
  3 kobolds
  A leopard gecko skeleton (D:4)
  A leopard gecko zombie (D:4)
  A quokka skeleton (D:4)
  4 rats
  2 butterflies (D:2)
116 creatures vanquished.

Notes
Turn   | Place    | Note
-------+----------+-------------------------------------------
     0 | D:1      | Arum the Formicid Fighter began the quest for the Orb.
     0 | D:1      | Reached XP level 1. HP: 18/18 MP: 1/1
    36 | D:1      | Reached XP level 2. HP: 20/24 MP: 2/2
    86 | D:1      | Reached skill level 4 in Shields
   114 | D:1      | Reached XP level 3. HP: 30/30 MP: 3/3
   465 | D:2      | Reached XP level 4. HP: 19/37 MP: 4/4
  1121 | D:2      | Found a shimmering altar of Xom.
  1236 | D:3      | Reached XP level 5. HP: 43/43 MP: 5/5
  1304 | D:3      | Found a snail-covered altar of Cheibriados.
  1324 | D:3      | Reached skill level 5 in Shields
  1333 | D:3      | Reached XP level 6. HP: 13/49 MP: 6/6
  1579 | D:3      | Became a worshipper of Cheibriados the Contemplative
  2033 | D:4      | Noticed Blork the orc
  2041 | D:4      | Killed Blork the orc
  2041 | D:4      | Reached skill level 5 in Fighting
  2072 | D:4      | Noticed an ogre
  2083 | D:4      | Killed an ogre
  2083 | D:4      | Reached XP level 7. HP: 28/56 MP: 7/7
  2115 | D:4      | Reached skill level 6 in Shields
  2238 | D:4      | Reached * piety under Cheibriados
  2455 | D:4      | Noticed Natasha
  2467 | D:4      | Killed Natasha
  2557 | D:4      | Noticed Natasha
  2564 | D:4      | Killed Natasha
  2635 | D:4      | Noticed Natasha
  2645 | D:4      | Killed Natasha
  2745 | D:4      | Reached skill level 5 in Staves
  2787 | D:4      | Reached XP level 8. HP: 64/64 MP: 8/8
  2815 | D:4      | Reached ** piety under Cheibriados
  3113 | D:5      | Entered Level 5 of the Dungeon
  3131 | D:5      | Reached skill level 7 in Shields
  4319 | D:6      | Reached skill level 8 in Shields
  4399 | D:6      | Found a runed translucent door.
  4402 | D:6      | Noticed Iamsoldier's ghost (novice GrEE)
  4500 | D:6      | Noticed Prince Ribbit
  4511 | D:6      | HP: 3/67 [Prince Ribbit (7)]
  4511 | D:6      | Slain by a centaur

Levels and vault maps discovered:
D:1:      saegor_arrival_miasma, layout_rooms, minmay_heptomino_d4
D:2:      layout_loops_ring, xom_butterflies, corexii_leaking_fountain
D:3:      layout_rooms, first_ration, kennysheep_slug_shrine
D:4:      layout_basic, serial_undead, serial_undead_f, serial_undead_e,
          serial_undead_e, serial_undead_c, serial_undead_c, serial_undead_b,
          uniq_natasha, uniq_blork_the_orc
D:5:      layout_basic
D:6:      layout_cave_pods, nemelex_xobeh_ov_fountains_minmay, temple_hall,
          ebering_ghost_sewer_f, grunt_ministairs_9, uniq_pikel, uniq_edmund,
          uniq_prince_ribbit1, uniq_sigmund

Skill      XL: |  1  2  3  4  5  6  7  8 |
---------------+-------------------------+-----
Shields        | 4 5 6 8 |  8.0
Fighting       | 4 5 6 7 |  7.3
Staves         | 3 4 5 6 |  6.2
Armour         | |  3.2

Action                   |  1- 3 |  4- 6 |  7- 9 || total
-------------------------+-------+-------+-------++-------
Melee: Quarterstaff      |    66 |   118 |   252 ||   436
 Abil: Dig               |       |       |     1 ||     1
  Use: Potion            |       |     2 |       ||     2
  Eat: Chunk             |       |     3 |     5 ||     8
Armor: Scale mail        |    27 |    40 |    82 ||   149
Dodge: Dodged            |    28 |    31 |    76 ||   135
Block: Shield            |    30 |    67 |   152 ||   249
